 Dungeon Sprint DCSS version 0.20.1-1-g8b1a95d (webtiles) character file.

345 potatolord6000 the Thaumaturge (level 6, -15/32 HPs)
             Began as a Deep Elf Summoner on Aug 29, 2017.
             Was an Elder of Sif Muna.
             Killed from afar by a lindwurm (47 damage)
             ... with a blast of flame
             ... in the Dungeon (Sprint VII: "The Pits").
             The game lasted 00:11:14 (1218 turns).

potatolord6000 the Thaumaturge (Deep Elf Summoner)  Turns: 1218, Time: 00:11:15

Health: -15/32     AC:  2    Str:  5    XL:     6   Next: 32%
Magic:  5/20       EV: 18    Int: 22    God:    Sif Muna [****..]
Gold:   0          SH:  0    Dex: 15    Spells: 9/23 levels left

rFire    . . .     SeeInvis .   j - +2 dagger
rCold    . . .     Gourm    .   (no shield)
rNeg     . . .     Faith    .   a - +0 robe
rPois    .         Spirit   .   (no helmet)
rElec    .         Reflect  .   (no cloak)
rCorr    .         Harm     .   (no gloves)
MR       .....     NoTele   +   (no boots)
Stlth    ++++......             (no amulet)
Regen    0.1/turn               (no ring)
MPRegen  0.2/turn               (no ring)

@: no status effects
A: no striking features
a: Divine Energy, Channel Magic, Forget Spell, Renounce Religion


You were in the Dungeon.
You worshipped Sif Muna.
Sif Muna was greatly pleased with you.
You were not hungry.

You visited 1 branch

Inventory:

Hand Weapons
 j - a +2 dagger (weapon)
Armour
 a - a +0 robe (worn)
Scrolls
 i - a scroll of blinking
 l - 3 scrolls of remove curse
 m - 5 scrolls of amnesia
 n - a scroll of summoning
Potions
 d - 6 potions of curing
 e - 5 potions of heal wounds
 h - 3 potions of berserk rage
Books
 b - a book of Callings

   Spells                             Type                      Level
   a - Summon Small Mammal            Summoning                    1
   b - Call Imp                       Summoning                    2
   c - Call Canine Familiar           Summoning                    3
   d - Summon Guardian Golem          Hexes/Summoning              3
   e - Summon Lightning Spire         Summoning/Air                4
   f - Summon Ice Beast               Ice/Summoning                4
Comestibles
 c - 8 bread rations
 o - 40 fruits
 p - 6 meat rations


   Skills:
 + Level 8.4 Dodging
 + Level 9.1 Stealth
 + Level 9.1 Spellcasting
 + Level 8.5 Summonings
 + Level 1.9 Invocations


You had 9 spell levels left.
You knew the following spells:

 Your Spells              Type           Power        Failure   Level  Hunger
a - Summon Small Mammal   Summ           ####         1%          1    None
b - Call Imp              Summ           #####...     1%          2    None
c - Call Canine Familiar  Summ           #####...     1%          3    None
d - Summon Lightning Spi  Summ/Air       ####....     11%         4    ##.....
e - Summon Ice Beast      Ice/Summ       ####....     11%         4    ##.....


Dungeon Overview and Level Annotations

Branches:
Dungeon (1/1)

Altars:
Ashenzari
Cheibriados
Dithmenos
Elyvilon
Fedhas
Gozag
Hepliaklqana
Kikubaaqudgha
Makhleb
Nemelex Xobeh
Okawaru
Qazlal
Ru
Sif Muna
Trog
Uskayaw
Vehumet
Xom
Yredelemnul
Zin
The Shining One
Beogh
Jiyva
Lugonu


Message History

A lindwurm comes into view.
You swap places.
There is an open door here.
Casting: Summon Ice Beast
Confirm with . or Enter, or press ? or * to list all spells.
A chill wind blows around you.
Casting: Summon Ice Beast
Confirm with . or Enter, or press ? or * to list all spells.
A chill wind blows around you.
Casting: Summon Ice Beast
Confirm with . or Enter, or press ? or * to list all spells.
A chill wind blows around you.
The lindwurm roars!
The lindwurm breathes flames at you. The blast of flame hits your ice beast.
Your ice beast melts!
Your ice beast dies!
The blast of flame hits you!
Ouch! That really hurt!
You die...

#.#..[)))..##.......#
#'###########.......#
#†......# #########
#.###...# #.#.....#
#.#...#.#+#
#.....#.#k+
#...###Y#'#
#......Y@Y#
###########


You could see a lindwurm and 3 friendly ice beasts.

Vanquished Creatures
  A gnoll (D)
  A hobgoblin (D)
  A jackal (D)
3 creatures vanquished.

Vanquished Creatures (collateral kills)
  A flying skull (D)
  A warg (D)
  A necrophage (D)
  A gnoll sergeant (D)
  A scorpion (D)
  3 wights (D)
  A mummy (D)
  4 gnolls (D)
  An adder (D)
  A bat (D)
  A giant cockroach (D)
  3 jackals (D)
  A frilled lizard (D)
  A kobold (D)
  A rat (D)
22 creatures vanquished.

Grand Total: 25 creatures vanquished

Notes
Turn   | Place    | Note
-------+----------+-------------------------------------------
     0 | D        | potatolord6000 the Deep Elf Summoner began the quest for the Orb.
     0 | D        | Reached XP level 1. HP: 10/10 MP: 6/6
    55 | D        | Found a bloodstained altar of Trog.
    55 | D        | Found a deep blue altar of Sif Muna.
    55 | D        | Found a viscous altar of Jiyva.
    55 | D        | Found a hazy altar of Hepliaklqana.
    55 | D        | Found an opulent altar of Gozag.
    56 | D        | Found a glowing golden altar of the Shining One.
    56 | D        | Found a glowing silver altar of Zin.
    56 | D        | Found a basalt altar of Yredelemnul.
    56 | D        | Found a shimmering altar of Xom.
    56 | D        | Found a sacrificial altar of Ru.
    56 | D        | Found a stormy altar of Qazlal.
    56 | D        | Found an iron altar of Okawaru.
    56 | D        | Found a sparkling altar of Nemelex Xobeh.
    56 | D        | Found a burning altar of Makhleb.
    56 | D        | Found a blossoming altar of Fedhas.
    56 | D        | Found a white marble altar of Elyvilon.
    56 | D        | Found a shadowy altar of Dithmenos.
    56 | D        | Found a snail-covered altar of Cheibriados.
    59 | D        | Found a corrupted altar of Lugonu.
    59 | D        | Found a radiant altar of Vehumet.
    59 | D        | Found a roughly hewn altar of Beogh.
    60 | D        | Found an ancient bone altar of Kikubaaqudgha.
    60 | D        | Found a hide-covered altar of Uskayaw.
    60 | D        | Found a shattered altar of Ashenzari.
    62 | D        | Became a worshipper of Sif Muna the Loreminder
   309 | D        | Noticed a scorpion
   317 | D        | Reached XP level 2. HP: 11/15 MP: 5/9
   327 | D        | Learned a level 2 spell: Call Imp
   334 | D        | Reached * piety under Sif Muna
   334 | D        | Reached skill level 5 in Summonings
   542 | D        | Killed a scorpion
   542 | D        | Reached skill level 5 in Spellcasting
   542 | D        | Reached XP level 3. HP: 12/19 MP: 8/11
   663 | D        | Learned a level 3 spell: Call Canine Familiar
   708 | D        | Reached skill level 5 in Stealth
   737 | D        | Noticed a gnoll sergeant
   739 | D        | Noticed a warg
   742 | D        | Noticed a flying skull
   803 | D        | Killed a gnoll sergeant
   803 | D        | Reached ** piety under Sif Muna
   803 | D        | Reached skill level 5 in Dodging
   803 | D        | Reached XP level 4. HP: 24/24 MP: 3/14
   825 | D        | Learned a level 4 spell: Summon Lightning Spire
   830 | D        | Learned a level 4 spell: Summon Ice Beast
  1016 | D        | Killed a warg
  1016 | D        | Reached *** piety under Sif Muna
  1016 | D        | Reached XP level 5. HP: 28/28 MP: 12/17
  1043 | D        | Killed a flying skull
  1043 | D        | Reached XP level 6. HP: 32/32 MP: 4/19
  1187 | D        | Reached **** piety under Sif Muna
  1187 | D        | Reached skill level 1 in Invocations
  1214 | D        | Noticed a lindwurm
  1218 | D        | Killed from afar by a lindwurm

Skill      XL: |  1  2  3  4  5  6 |
---------------+-------------------+-----
Stealth        | 3 4 5 7 8 9 |  9.1
Dodging        | 3 4 5 7 8 |  8.4
Spellcasting   | 4 5 6 7 8 9 |  9.1
Summonings     | 5 6 7 8 |  8.5
Invocations    | 1 |  1.9

Action                   |  1- 3 |  4- 6 || total
-------------------------+-------+-------++-------
Melee: Dagger            |     5 |       ||     5
 Cast: Summon Small Mamm |    16 |       ||    16
       Call Imp          |    13 |     1 ||    14
       Call Canine Famil |     5 |     1 ||     6
       Summon Ice Beast  |       |    17 ||    17
       Summon Lightning  |       |     5 ||     5
  Use: Potion            |     2 |     6 ||     8
 Stab: Sleeping          |     2 |       ||     2
  Eat: Meat ration       |       |     1 ||     1
Armor: Robe              |     8 |       ||     8
Dodge: Dodged            |    21 |     7 ||    28
